 Dungeon Crawl Stone Soup version 0.27.0-1-g7a089689b8 (webtiles) character file.

Game seed: 9818507992975270506

28 shadowrider38 the Chopper (level 3, -2/31 HPs)
             Began as a Hill Orc Monk on Aug 12, 2021.
             Slain by Natasha (3 damage)
             ... on level 2 of the Dungeon.
             The game lasted 00:02:27 (1190 turns).

shadowrider38 the Chopper (Hill Orc Monk)           Turns: 1190, Time: 00:02:28

Health: -2/31      AC:  3    Str: 14    XL:     3   Next: 12%
Magic:  3/3        EV: 12    Int: 10    God:
Gold:   44         SH:  0    Dex: 13    Spells: 2/2 levels left

rFire    . . .     SeeInvis .   a - +0 hand axe
rCold    . . .     Faith    .   (no shield)
rNeg     . . .     Spirit   .   i - +0 leather armour
rPois    .         Reflect  .   (no helmet)
rElec    .         Harm     .   (no cloak)
rCorr    .         Rampage  .   (no gloves)
Will     .....                  (no boots)
Stlth    ++........             (no amulet)
HPRegen  0.10/turn              (no ring)
MPRegen  0.08/turn              (no ring)

@: slowed, very slow
A: no striking features
a: no special abilities


You were on level 2 of the Dungeon.
You visited 1 branch of the dungeon, and saw 2 of its levels.

You collected 44 gold pieces.

Inventory:

Hand Weapons
 a - a +0 hand axe (weapon)
Missiles
 e - 83 stones (quivered)
 h - 7 atropa-tipped darts
Armour
 i - a +0 leather armour (worn)
Scrolls
 c - 2 scrolls of identify {unknown}
 f - a scroll of teleportation {unknown}
 g - a scroll of silence {unknown}
Potions
 d - a potion of invisibility {unknown}


   Skills:
 - Level 3.6 Fighting
 + Level 5.6 Axes
 - Level 2.4 Dodging
 - Level 1.5 Stealth


You had 2 spell levels left.
You didn't know any spells.
Your spell library was empty.

Dungeon Overview and Level Annotations

Branches:
Dungeon (2/15)

Altars:

Annotations:
D:2 Natasha


Message History

You continue putting on your +0 leather armour. x5
You finish putting on your +0 leather armour.
Drop what? 9/52 slots (_ for help) (? for menu, Esc to quit)
You drop a +0 robe.
You see here a +0 spear.
Natasha, Servant of Life and Death comes into view.
Natasha hisses angrily.
Natasha is nearby!
Search for what [Enter for "."]? .
Natasha casts a spell at you. The magic dart hits you!
Natasha casts a spell at you.
You feel yourself slow down.
A bat comes into view.
The bat moves out of view.
Natasha is nearby!
Natasha mumbles some strange words.
A worm comes into view.
The bat hits you but does no damage. The bat hits you.
The bat hits you but does no damage. The white imp gestures at you.
The puff of frost hits you. The bat hits you but does no damage.
The bat hits you. The white imp gestures at you. The puff of frost hits you.
The white imp gestures at you. The puff of frost misses you.
The bat hits you but does no damage. The bat hits you but does no damage. x2
Natasha casts a spell. x2
The bat hits you but does no damage. The bat closely misses you.
The bat barely misses you. The bat hits you. The bat hits you.
You hit the bat but do no damage. You hit Natasha. The bat hits you.
Natasha claws you!
* * * LOW HITPOINT WARNING * * *
The bat misses you. Natasha claws you.
You die...

#.h5. #.#.# #.#.#. #.#.#
###########
#.#.#.#####.#)######.........####
#.#.#.5.h.......[................
#.#.###.....#5#.###.#......#.####
#....5.5....#.#.###.#...##.# #
#..........##.......#...##.#
#.......#####..h.b..#.#.##.#
#.####### #...@<..#.#.##.# #.#
#.#####........# #.#
#..............# ...
......##.......# ..
................#
........##.......# ........
#.......# .... #.......# ....
#.......#


You could see Natasha, a crimson imp (summoned) and a bat.

Vanquished Creatures
  2 dart slugs (D:1)
  3 ball pythons (D:1)
  4 bats
  6 endoplasms (D:1)
  A hobgoblin (D:1)
  A kobold (D:1)
  2 frilled lizards
  3 rats (D:1)
22 creatures vanquished.

Vanquished Creatures (others)
  A plant (D:1)
1 creature vanquished.

Grand Total: 23 creatures vanquished

Notes
Turn   | Place    | Note
-------+----------+-------------------------------------------
     0 | D:1      | shadowrider38 the Hill Orc Monk began the quest for the
                  | Orb.
     0 | D:1      | Reached XP level 1. HP: 19/19 MP: 1/1
   245 | D:1      | Reached XP level 2. HP: 24/26 MP: 2/2
   326 | D:1      | Reached skill level 5 in Axes
   705 | D:1      | Found a faded altar of an unknown god.
   886 | D:1      | Reached XP level 3. HP: 31/31 MP: 3/3
  1172 | D:2      | Noticed Natasha
  1190 | D:2      | HP: 1/31 [Natasha (9)]
  1190 | D:2      | Slain by Natasha

Illustrated notes

Levels and vault maps discovered:
D:1:      minmay_arrival_five_plusses, layout_basic,
          ebering_ecumenical_altar_abandoned, serial_bayou_crossing
D:2:      layout_basic, minmay_fractal_squares_5, uniq_natasha, uniq_robin,
          uniq_crazy_yiuf_cottage

Skill      XL: |  1  2 |
---------------+-------+-----
Axes           | 5 |  5.6
Fighting       | |  3.6
Dodging        | |  2.4
Stealth        | |  1.5

Action                   || total
-------------------------++-------
Melee: Hand axe          ||    85
 Stab: Sleeping          ||     6
Armor: Robe              ||    18
       Leather armour    ||     7
Dodge: Dodged            ||    73
